 Dungeon Crawl Stone Soup version 0.30-a0-23-ge60ba3568b (webtiles) character file.

Game seed: 2514244698017686014

165041 xian the Severer (level 17, -1/138 HPs)
             Began as a Demonspawn Fighter on Aug 25, 2022.
             Was the Champion of Okawaru.
             Slain by a salamander
             ... wielding a +2 trident
              (12 damage)
             ... on level 4 of the Snake Pit.
             The game lasted 01:59:26 (26789 turns).

xian the Severer (Demonspawn Fighter)              Turns: 26789, Time: 01:59:28

Health: -1/138     AC: 39    Str: 28    XL:     17   Next: 27%
Magic:  27/27      EV: 10    Int: 10    God:    Okawaru [******]
Gold:   785        SH: 20    Dex: 12    Spells: 16/16 levels left

rFire   . . .      SeeInvis +    D - +5 war axe (flame)
rCold   + + +      Faith    .    E - +2 tower shield {reflect}
rNeg    + + .      Spirit   .    N - +15 Maxwell's patent armour {-Cast -Tele rElec Will+ rCorr}
rPois   +          Reflect  +    B - +2 helmet
rElec   +          Harm     .    z - +0 cloak of the Squeaky God {rC+++ rN+ Will- SInv}
rCorr   +          Rampage  .    q - +1 Delatra's gloves {ID++}
Will    ++...      NoTele   +    (boots unavailable)
Stlth   .......... NoCast   +    b - amulet of regeneration
HPRegen 1.13/turn                R - ring "Qopudwups" {*Slow rC+ rN+ rCorr Str+3}
MPRegen 0.20/turn                Q - ring of poison resistance

@: studying Fighting
A: hooves 3, repulsion field 1, (demonic guardian 3), ignite blood 1,
augmentation 1, strong-willed 1, shaggy fur 2, sturdy frame 1
a: Renounce Religion, Heroism, Finesse, Duel


You were on level 4 of the Snake Pit.
You worshipped Okawaru.
Okawaru was exalted by your worship.
You visited 4 branches of the dungeon, and saw 26 of its levels.

You collected 3266 gold pieces.
You spent 2481 gold pieces at shops.

Inventory:

Hand Weapons
 D - a +5 war axe of flaming (weapon)
 U - the +9 falchion "Ethoepn" {distort, rPois Int+2 Dex+4}
   (You found it on level 13 of the Dungeon)

   It warps and distorts space around it, and may blink, banish, or inflict
   extra damage upon those it strikes.
   Unwielding it can cause banishment or high damage.
   Int:       It affects your intelligence (+2).
   Dex:       It affects your dexterity (+4).
   rPois:     It protects you from poison.
 W - the +5 dagger "Vohetoli" {spect, *Slow rF+ rN+ rCorr}
   (You took it off a yaktaur on level 14 of the Dungeon)

   When its wielder attacks, the weapon's spirit leaps out and strikes again.
   The spirit shares a part of any damage it takes with its wielder.
   rF:        It protects you from fire.
   rN:        It protects you from negative energy.
   rCorr:     It protects you from acid and corrosion.
   *Slow:     It may slow you when you take damage.
Missiles
 c - 4 curare-tipped darts
 h - 45 poisoned darts (quivered)
 K - 3 throwing nets
 O - 3 atropa-tipped darts
 Z - 6 silver javelins
Armour
 q - the +1 Delatra's gloves (worn) {ID++}
   (You found it on level 4 of the Dungeon)

   It heals its wearer when they drink unknown potions.
   It restores its wearer's MP when they read unknown scrolls.
 z - the +0 cloak of the Squeaky God (worn) {rC+++ rN+ Will- SInv}
   (You acquired it on level 10 of the Dungeon)

   rC:        It renders you almost immune to cold.
   rN:        It protects you from negative energy.
   SInv:      It lets you see invisible.
   Will:      It decreases your willpower.
 B - a +2 helmet (worn)
 E - a +2 tower shield of reflection (worn)
 J - a scarf of harm
 N - the +15 Maxwell's patent armour (worn) {-Cast -Tele rElec Will+ rCorr}
   (You bought it in a shop on level 2 of the Orcish Mines)

   rElec:     It insulates you from electricity.
   -Cast:     It prevents spellcasting.
   -Tele:     It prevents most forms of teleportation.
   rCorr:     It protects you from acid and corrosion.
   Will:      It increases your willpower.
 X - the +0 kite shield "Etuefim" {Regen+ Int+3 Dex+2}
   (Okawaru gifted it to you on level 1 of the Lair of Beasts)

   Int:       It affects your intelligence (+3).
   Dex:       It affects your dexterity (+2).
   Regen:     It increases your rate of health regeneration.
Jewellery
 b - an amulet of regeneration (around neck)
 y - a ring of flight
 Q - a ring of poison resistance (right hand)
 R - the ring "Qopudwups" (left hand) {*Slow rC+ rN+ rCorr Str+3}
   (You took it off a boggart on level 14 of the Dungeon)

   [ring of protection from cold]

   Str:       It affects your strength (+3).
   rC:        It protects you from cold.
   rN:        It protects you from negative energy.
   rCorr:     It protects you from acid and corrosion.
   *Slow:     It may slow you when you take damage.
Wands
 n - a wand of digging (4)
 r - a wand of mindburst (30)
 x - a wand of iceblast (35)
 A - a wand of flame (30)
 G - a wand of light (8)
Scrolls
 f - 10 scrolls of teleportation
 g - 2 scrolls of poison
 k - 5 scrolls of amnesia
 l - 2 scrolls of fog
 m - 5 scrolls of identify
 o - 2 scrolls of fear
 s - 2 scrolls of enchant armour
 t - 4 scrolls of enchant weapon
 C - 3 scrolls of silence
 P - 3 scrolls of blinking
 S - 2 scrolls of magic mapping
 V - a scroll of brand weapon
 Y - a scroll of acquirement
Potions
 a - 3 potions of mutation
 d - a potion of berserk rage
 e - a potion of heal wounds
 i - 18 potions of curing
 j - 7 potions of lignification
 p - 2 potions of invisibility
 u - a potion of cancellation
 w - a potion of brilliance
 F - 3 potions of might
 I - 6 potions of haste
 T - a potion of magic
Miscellaneous
 v - a tin of tremorstones (2/2)


   Skills:
 + Level 13.9 Fighting
 + Level 16.6 Axes
 + Level 2.3 Throwing
 + Level 11.2 Armour
 + Level 5.1 Dodging
 + Level 1.8 Stealth
 + Level 15.2 Shields
 * Level 13.7 Invocations


You had 16 spell levels left.
You didn't know any spells.
Your spell library contained the following spells:

 Spells                   Type           Power      Damage    Failure   Level
 Apportation              Tloc           0%         N/A       100%        1
 Foxfire                  Conj/Fire      0%         2x1d4     100%        1
 Necrotise                Necr           0%         1d4       100%        1
 Ensorcelled Hibernation  Hex/Ice        0%         N/A       100%        2
 Passwall                 Tmut/Erth      0%         N/A       100%        2
 Poisonous Vapours        Pois/Air       0%         N/A       100%        2
 Scorch                   Fire           0%         2d5       100%        2
 Static Discharge         Conj/Air       0%         3-3/arc   100%        2
 Conjure Flame            Conj/Fire      0%         6-21      100%        3
 Ignite Poison            Fire/Tmut/Pois 0%         N/A       100%        3
 Mephitic Cloud           Conj/Pois/Air  0%         N/A       100%        3
 Swiftness                Air            0%         N/A       100%        3
 Vampiric Draining        Necr           0%         2d6       100%        3
 Anguish                  Hex/Necr       0%         N/A       100%        4
 Corpse Rot               Necr/Pois/Air  0%         N/A       100%        4
 Dispel Undead            Necr           0%         3d6       100%        4
 Fulminant Prism          Conj/Hex       0%         3d6       100%        4
 Iskenderun's Mystic Bla  Conj/Tloc      0%         2d3       100%        4
 Leda's Liquefaction      Hex/Erth       0%         N/A       100%        4
 Sticky Flame             Conj/Fire      0%         2d3       100%        4
 Agony                    Necr           0%         N/A       100%        5
 Alistair's Intoxication  Tmut/Pois      0%         N/A       100%        5
 Blade Hands              Tmut           0%         N/A       100%        5
 Fireball                 Conj/Fire      0%         3d3       100%        5
 Freezing Cloud           Conj/Ice/Air   0%         6-21      100%        5
 Lee's Rapid Deconstruct  Erth           0%         3d5*      100%        5
 Iron Shot                Conj/Erth      0%         9d1       100%        6
 Statue Form              Tmut/Erth      0%         N/A       100%        6
 Enfeeble                 Hex            0%         N/A       100%        7
 Storm Form               Tmut/Air       0%         N/A       100%        7
 Maxwell's Capacitive Co  Air            0%         ∞         100%        8
 Animate Armour           Summ/Erth      Unusable   N/A       N/A         4
 Summon Lightning Spire   Summ/Air       Unusable   N/A       N/A         4

Dungeon Overview and Level Annotations

Branches:
Dungeon (15/15)            Temple (0/1) D:7            Lair (5/5) D:10
 Shoals (0/4) Lair:3        Snake (4/4) Lair:3        Slime (0/5) Lair:4
    Orc (2/2) D:10            Elf (0/3) Orc:2        Vaults (0/5) D:14
 Depths (0/4) D:15

Altars:
Cheibriados
Gozag
Hepliaklqana
Nemelex Xobeh
Okawaru
Ru
Uskayaw
Vehumet
Wu Jian
Xom
Jiyva

Shops:
D:1 :   D:5 :   D:10 **   D:11 *   Orc:1 *   Orc:2 **[=

Portals:
Trove: D:11 (give 7 potions of haste)

Annotations:
D:11 1 runed translucent door, exclusion: 4 orange crystal statues


Innate Abilities, Weirdness & Mutations

You have hooves in place of feet.
You are surrounded by a mild repulsion field. (EV +2)
((A powerful demonic guardian rushes to your aid.))
Your demonic aura sometimes causes spilled blood to erupt in flames.
Your magical and physical power is slightly enhanced at high health.
You are strong-willed. (Will+)
You are covered in thick fur. (AC +2)
Your movements are slightly less encumbered by armour. (ER -2)


Message History

You block the guardian serpent's attack.
Unknown command.
You slash the guardian serpent! You burn the guardian serpent.
You kick the guardian serpent!
The guardian serpent is severely wounded.
You slash the naga! You burn the naga. You block the naga's attack.
The naga grabs you. The naga constricts you.
The naga warrior roars a battlecry!
The nagas go into a battle-frenzy!
The naga warrior roars a battlecry!
The naga warrior goes into a battle-frenzy!
The guardian serpent barely misses you.
The salamander hits you but does no damage.
You slice the guardian serpent!! You burn the guardian serpent.
You kill the guardian serpent!
Okawaru accepts your kill.
You slash the naga! You burn the naga.
The naga is engulfed in blazing flames.
You kill the naga!
Okawaru accepts your kill. The naga warrior spits poison at you.
Your +2 tower shield of reflection reflects the splash of poison!
The splash of poison hits the naga warrior.
The naga warrior spits poison at you.
Your +2 tower shield of reflection reflects the splash of poison!
The splash of poison hits the naga warrior.
The salamander hits you from afar with a +0 spear!
You are engulfed in flames!
The salamander hits you from afar with a +0 halberd!
* * * LOW HITPOINT WARNING * * *
You are engulfed in flames!
* * * LOW HITPOINT WARNING * * *
The naga warrior spits poison at you.
The splash of poison hits you but does no damage.
You resist.
You block the salamander mystic's attack.
You block the salamander's attack.
The salamander hits you from afar with a +2 trident!!
* * * LOW HITPOINT WARNING * * *
You are engulfed in flames!
You die...

.........##$..# #...##
.....?.....##...##.NN##.
............##SSNSNS##..
.............##...N##...
..............##N'##....
.......N.....).))S......
.......NNSNN....##......
.....SNNNSNN.N..........
...###@######..........
##°....####.......
#.....○......#.......
##....○.....##.......
#......N....#..####.
#.......N.... #.
#...........# #.
##.....###... +. ...!..#
..# ##.


You could see 2 naga warriors, a naga sharpshooter (strong), a salamander mystic
(strong), 3 salamanders, a mana viper, 2 black mambas, 2 naga magi and 4 nagas.

Vanquished Creatures
  Gastronok (D:8)
  A nagaraja (Snake:4)
  Aizul (Snake:2)
  An orc warlord (Orc:1)
  The ghost of Cedruin the Severer, a journeyman DsGl of Nemelex Xobeh (D:13)
  Azrael (D:15)
  A salamander tyrant (Snake:2)
  Josephine (D:15)
  An ice dragon (D:14)
  7 boulder beetles
  8 vault guards
  11 hydras
  A rakshasa (D:15)
  A catoblepas (Lair:4)
  An ogre mage (Orc:1)
  15 anacondas
  3 centaur warriors (D:14)
  11 two-headed ogres
  A death yak (Lair:3)
  A dancing weapon (D:13)
  3 shock serpents
  6 naga sharpshooters
  A fire crab (Lair:4)
  4 salamander mystics
  6 naga ritualists
  A glowing orange brain (D:15)
  A sea snake (Snake:2)
  A wizard (D:15)
  5 orc knights
  3 deep elf pyromancers
  4 mana vipers
  Pikel (D:5)
  4 wolf spiders
  18 ugly things
  9 cyclopes
  17 salamanders
  15 elephants
  56 black mambas
  2 guardian serpents
  6 manticores
  4 naga magi
  20 cane toads
  Maggie (D:9)
  A torpor snail (Lair:4)
  A gargoyle (D:12)
  A rime drake (Lair:4)
  An unseen horror (D:11)
  A yaktaur (D:14)
  12 komodo dragons
  2 efreet
  The ghost of siradein the Trooper, an amateur DrFi (D:4)
  12 polar bears
  7 trolls
  2 hornets (Lair:5)
  3 raiju (Lair:5)
  16 blink frogs
  10 slime creatures (D:15)
  2 shadows (D:12)
  2 centaur simulacra
  A spriggan (shapeshifter) (D:15)
  8 wraiths
  6 fire elementals
  49 yaks
  Eustachio (D:5)
  12 wyverns
  2 redbacks (Lair:5)
  Grum (D:8)
  8 basilisks
  7 vampire mosquitoes
  A steam dragon (Lair:4)
  17 nagas
  9 wargs
  5 acid dragons
  30 water moccasins
  13 hell hounds
  Duvessa (D:5)
  39 orc warriors
  A sky beast (D:7)
  2 ice beasts
  15 black bears
  A boggart (D:14)
  26 ogres
  21 wolves
  2 lemures (D:5)
  19 centaurs
  A phantom (D:4)
  3 kobold brigands
  13 bullfrogs
  5 scorpions
  3 necrophages
  13 wights
  Dowan (D:5)
  32 killer bees (D:12)
  A howler monkey (D:12)
  2 electric eels
  3 hounds
  3 jellies
  18 orc priests
  2 iguanas
  25 orc wizards
  4 hell rats (Lair:2)
  3 gnolls (D:8)
  7 adders
  2 shadow imps
  4 white imps
  An ufetubus (D:6)
  A worm (D:4)
  5 dart slugs
  72 orcs
  4 endoplasms
  3 giant cockroaches
  3 hobgoblins
  9 jackals
  3 quokkas
  6 ball pythons
  8 bats
  3 frilled lizards
  5 goblins
  19 kobolds
  9 rats
  2 butterflies (Lair:4)
926 creatures vanquished.

Vanquished Creatures (others)
  A black mamba (Snake:4)
  A hell hound (D:15)
  A centaur (Orc:2)
  2 orcs
  38 fungi
  78 plants
121 creatures vanquished.

Grand Total: 1047 creatures vanquished

Notes
Turn   | Place    | Note
-------+----------+-------------------------------------------
     0 | D:1      | xian the Demonspawn Fighter began the quest for the Orb.
     0 | D:1      | Reached XP level 1. HP: 18/18 MP: 1/1
    50 | D:1      | Found Fooghuts's Book Shop.
   247 | D:1      | Reached skill level 2 in Axes
   247 | D:1      | Gained mutation: A weak demonic guardian rushes to your
                  | aid. [demonic ancestry]
   247 | D:1      | Reached XP level 2. HP: 24/24 MP: 2/2
   697 | D:1      | Found a faded altar of an unknown god.
   704 | D:1      | Prayed at the altar of an unknown god.
   704 | D:1      | Became a worshipper of Warmaster Okawaru
   704 | D:1      | Reached * piety under Okawaru
   999 | D:1      | Reached XP level 3. HP: 29/29 MP: 3/3
  1980 | D:3      | Reached skill level 1 in Dodging
  1980 | D:3      | Gained mutation: You have large cloven feet. [demonic
                  | ancestry]
  1980 | D:3      | Reached XP level 4. HP: 35/35 MP: 1/4
  1987 | D:3      | Reached skill level 3 in Axes
  1994 | D:3      | Gained mutation: You have hoof-like feet. [demonic
                  | ancestry]
  1994 | D:3      | Reached XP level 5. HP: 19/41 MP: 3/5
  2965 | D:4      | Reached ** piety under Okawaru
  3042 | D:4      | Noticed an ogre
  3048 | D:4      | Killed an ogre
  3049 | D:4      | Gained mutation: A demonic guardian rushes to your aid.
                  | [demonic ancestry]
  3049 | D:4      | Reached XP level 6. HP: 48/48 MP: 6/6
  3077 | D:4      | Found a runed translucent gate.
  3077 | D:4      | Found a runed translucent gate.
  3077 | D:4      | Found a runed translucent gate.
  3081 | D:4      | Noticed siradein's ghost (amateur DrFi)
  3112 | D:4      | Found the +1 Delatra's gloves {ID++}
  3118 | D:4      | Reached skill level 4 in Axes
  3430 | D:5      | Entered Level 5 of the Dungeon
  3456 | D:5      | Noticed Pikel
  3472 | D:5      | Gained mutation: Your movements are slightly less
                  | encumbered by armour. (ER -2) [potion of mutation]
  3472 | D:5      | Gained mutation: You are covered in fur. (AC +1) [potion of
                  | mutation]
  3472 | D:5      | Gained mutation: You are covered in thick fur. (AC +2)
                  | [potion of mutation]
  3472 | D:5      | Gained mutation: You are strong-willed. (Will+) [potion of
                  | mutation]
  3477 | D:5      | Killed Pikel
  3478 | D:5      | Reached skill level 5 in Axes
  3478 | D:5      | Gained mutation: You are surrounded by a mild repulsion
                  | field. (EV +2) [demonic ancestry]
  3478 | D:5      | Reached XP level 7. HP: 44/55 MP: 7/7
  3524 | D:5      | Reached *** piety under Okawaru
  3592 | D:5      | Reached XP level 8. HP: 58/61 MP: 8/8
  3603 | D:5      | Reached skill level 6 in Axes
  3603 | D:5      | Noticed Dowan
  3607 | D:5      | Noticed Duvessa
  3610 | D:5      | Killed Dowan
  3611 | D:5      | Reached skill level 5 in Fighting
  3631 | D:5      | Killed Duvessa
  3670 | D:5      | Found a hide-covered altar of Uskayaw.
  3763 | D:5      | Found Rotu's Book Shoppe.
  4026 | D:5      | Reached skill level 5 in Armour
  4061 | D:5      | Noticed Eustachio
  4094 | D:5      | Killed Eustachio
  4272 | D:6      | Reached **** piety under Okawaru
  4348 | D:6      | Found a snail-covered altar of Cheibriados.
  4358 | D:6      | Reached skill level 5 in Shields
  4402 | D:6      | Found a sacrificial altar of Ru.
  4510 | D:6      | Found an iron altar of Okawaru.
  4517 | D:6      | Reached skill level 7 in Axes
  4683 | D:6      | Reached XP level 9. HP: 64/68 MP: 7/9
  4900 | D:6      | Got Rainet's Verses on Fiery Jinxing
  4924 | D:7      | Found a staircase to the Ecumenical Temple.
  5292 | D:7      | Found an ornate altar of the Wu Jian Council.
  5485 | D:8      | Reached skill level 8 in Axes
  5500 | D:8      | Noticed Grum
  5586 | D:8      | Killed Grum
  5590 | D:8      | Noticed Gastronok
  5615 | D:8      | Killed Gastronok
  5615 | D:8      | Reached ***** piety under Okawaru
  5616 | D:8      | Reached skill level 9 in Axes
  5616 | D:8      | Reached skill level 1 in Invocations
  5616 | D:8      | Gained mutation: You have hooves in place of feet. [demonic
                  | ancestry]
  5616 | D:8      | Reached XP level 10. HP: 44/77 MP: 3/11
  5776 | D:8      | Noticed a two-headed ogre
  5787 | D:8      | Killed a two-headed ogre
  5897 | D:8      | Found a shimmering altar of Xom.
  5898 | D:8      | Found a radiant altar of Vehumet.
  6222 | D:9      | Noticed a two-headed ogre
  6397 | D:9      | Noticed a two-headed ogre
  6410 | D:9      | Killed a two-headed ogre
  6472 | D:9      | Reached skill level 1 in Throwing
  6562 | D:9      | Noticed Maggie
  6574 | D:9      | Killed Maggie
  6575 | D:9      | Reached skill level 10 in Axes
  6651 | D:9      | Killed a two-headed ogre
  6651 | D:9      | Received a gift from Okawaru
  6654 | D:9      | Found a sparkling altar of Nemelex Xobeh.
  6854 | D:9      | Gained mutation: A powerful demonic guardian rushes to your
                  | aid. [demonic ancestry]
  6854 | D:9      | Reached XP level 11. HP: 63/84 MP: 12/12
  7028 | D:10     | Entered Level 10 of the Dungeon
  7112 | D:10     | Found a staircase to the Lair.
  7131 | D:10     | Received a gift from Okawaru
  7293 | D:10     | Found Vuireiru's General Store.
  7297 | D:10     | Found Zaxuhah's Specific Store.
  7330 | D:10     | Bought a potion of lignification for 45 gold pieces
  7330 | D:10     | Bought a scroll of enchant weapon for 112 gold pieces
  7430 | D:10     | Found a staircase to the Orcish Mines.
  7506 | D:10     | Found an opulent altar of Gozag.
  7565 | D:10     | Identified a scroll of acquirement
  7565 | D:10     | Acquired the +0 cloak of the Squeaky God {rC+++ rN+ Will-
                  | SInv}
  8159 | D:11     | Found a runed translucent door.
  8166 | D:11     | Found the +10 tower shield of Ignorance {rN+ Int-4}
  8172 | D:11     | Found a runed translucent door.
  8203 | D:11     | Noticed an orange crystal statue
  8203 | D:11     | Noticed an orange crystal statue
  8203 | D:11     | Noticed an orange crystal statue
  8203 | D:11     | Noticed an orange crystal statue
  8477 | D:11     | Found Degagot's Assorted Antiques.
  8541 | D:11     | Noticed a two-headed ogre
  8560 | D:11     | Killed a two-headed ogre
  8561 | D:11     | Reached skill level 11 in Axes
  8561 | D:11     | Reached skill level 1 in Stealth
  8773 | D:11     | Found a portal to a secret trove of treasure.
  9392 | D:12     | Reached ****** piety under Okawaru
  9402 | D:12     | Gained mutation: Your magical and physical power is
                  | slightly enhanced at high health. [demonic ancestry]
  9402 | D:12     | Reached XP level 12. HP: 87/92 MP: 14/14
  9576 | D:12     | Received a gift from Okawaru
  9627 | D:12     | Reached skill level 10 in Shields
  9742 | D:12     | Noticed an eight-headed hydra
  9755 | D:12     | Killed a four-headed hydra
  9913 | D:12     | Noticed a two-headed ogre
  9913 | D:12     | Noticed a centaur warrior
  9927 | D:12     | Noticed a two-headed ogre
  9927 | D:12     | Noticed a two-headed ogre
  9928 | D:12     | Noticed a centaur warrior
  9929 | D:12     | Noticed a centaur warrior
 10255 | D:13     | Noticed a four-headed hydra
 10269 | D:12     | Reached skill level 12 in Axes
 10351 | D:13     | Killed a one-headed hydra
 10394 | D:13     | Identified the +4 rapier of Xyintor {drain, Dex+6}
 10440 | D:13     | Noticed a boulder beetle
 10451 | D:13     | Killed a boulder beetle
 10523 | D:13     | Identified the +9 falchion "Ethoepn" {distort, rPois Int+2
                  | Dex+4}
 10528 | D:13     | Found a runed translucent door.
 10529 | D:13     | Found a shimmering altar of Xom.
 10529 | D:13     | Noticed Cedruin's ghost (journeyman DsGl)
 10529 | D:13     | Identified the +6 morningstar of Irritation {chaos, rF+ rN+
                  | Int+2 Dex+4}
 10541 | D:13     | Identified the +8 rapier "Uconeh" {freeze, rPois} (Okawaru
                  | gifted it to you on level 13 of the Dungeon)
 10541 | D:13     | Received a gift from Okawaru
 10557 | D:13     | Killed Cedruin's ghost
 10751 | D:13     | Found a hazy altar of Hepliaklqana.
 10975 | D:14     | Noticed a vault guard
 10975 | D:14     | Noticed a vault guard
 10975 | D:14     | Noticed a vault guard
 10976 | D:14     | Found a gate to the Vaults.
 10976 | D:14     | Noticed a vault guard
 10976 | D:14     | Noticed a vault guard
 11004 | D:13     | Killed a vault guard
 11132 | D:14     | Noticed a centaur warrior
 11140 | D:14     | Killed a centaur warrior
 11211 | D:14     | Received a gift from Okawaru
 11212 | D:14     | Reached XP level 13. HP: 80/101 MP: 15/15
 11300 | D:14     | Reached skill level 13 in Axes
 11352 | D:14     | Received a gift from Okawaru
 11751 | D:14     | Identified the +1 ring mail of Ohanli {Int+4} (Okawaru
                  | gifted it to you on level 14 of the Dungeon)
 11751 | D:14     | Received a gift from Okawaru
 11879 | D:14     | HP: 5/102 [cyan ugly thing (16)]
 12213 | D:14     | Reached skill level 10 in Fighting
 12585 | D:14     | Identified the ring "Qopudwups" {*Slow rC+ rN+ rCorr Str+3}
 12605 | D:14     | Reached skill level 14 in Axes
 12654 | D:14     | Identified the +5 dagger "Vohetoli" {spect, *Slow rF+ rN+
                  | rCorr}
 12773 | D:15     | Entered Level 15 of the Dungeon
 13143 | Lair:1   | Entered Level 1 of the Lair of Beasts
 13161 | Lair:1   | Reached skill level 5 in Invocations
 13181 | Lair:1   | Identified the +0 kite shield "Etuefim" {Regen+ Int+3
                  | Dex+2} (Okawaru gifted it to you on level 1 of the Lair of
                  | Beasts)
 13181 | Lair:1   | Received a gift from Okawaru
 13366 | Lair:1   | Reached XP level 14. HP: 88/110 MP: 16/18
 14459 | Lair:2   | Identified the +1 leather armour of Minor Irritation {SInv}
 14849 | Lair:3   | Found a staircase to the Snake Pit.
 15089 | Lair:3   | Received a gift from Okawaru
 15412 | Lair:3   | Found a staircase to the Shoals.
 15836 | Lair:4   | Found a viscous altar of Jiyva.
 15838 | Lair:4   | Found a staircase to the Slime Pits.
 15893 | Lair:4   | Identified the +2 robe of Sif Muna's Pride {+Blink rC++
                  | Slay+4}
 15973 | Lair:4   | Reached skill level 15 in Axes
 16766 | Lair:5   | Entered Level 5 of the Lair of Beasts
 16968 | Lair:5   | Gained mutation: Your demonic aura sometimes causes spilled
                  | blood to erupt in flames. [demonic ancestry]
 16968 | Lair:5   | Reached XP level 15. HP: 113/119 MP: 21/21
 17574 | Lair:5   | Received a gift from Okawaru
 17857 | Lair:5   | Identified the +2 hand crossbow "Vogibb" {elec, rElec rPois
                  | Str-3 Stlth+} (Okawaru gifted it to you on level 5 of the
                  | Lair of Beasts)
 17857 | Lair:5   | Received a gift from Okawaru
 17999 | Lair:5   | Reached skill level 10 in Invocations
 18258 | Lair:5   | Reached skill level 10 in Armour
 18773 | Orc:1    | Entered Level 1 of the Orcish Mines
 18791 | Orc:1    | Noticed an orc warlord
 18809 | Orc:1    | Killed an orc warlord
 18835 | Orc:1    | Found Wenicel's CLEARANCE SALE!.
 18846 | Orc:1    | Bought a scroll of teleportation for 21 gold pieces
 19066 | Orc:1    | Identified the +4 hand axe "Folitz" {flame, rElec rC+ SInv}
                  | (Okawaru gifted it to you on level 1 of the Orcish Mines)
 19066 | Orc:1    | Received a gift from Okawaru
 19450 | Orc:2    | Entered Level 2 of the Orcish Mines
 19450 | Orc:2    | Found a staircase to the Elven Halls.
 19473 | Orc:2    | Reached skill level 16 in Axes
 20026 | Orc:2    | Received a gift from Okawaru
 20095 | Orc:2    | Found Silaew's Assorted Antiques.
 20095 | Orc:2    | Found Boupson's Armour Boutique.
 20097 | Orc:2    | Found Peepamn's Jewellery Shop.
 20099 | Orc:2    | Found Silohat's Assorted Antiques.
 20148 | Orc:2    | Bought a scroll labelled GUMAWE DUKEDUUST for 40 gold
                  | pieces
 20270 | Orc:2    | Bought the +15 Maxwell's patent armour {-Cast -Tele rElec
                  | Will+ rCorr} for 1383 gold pieces
 20270 | Orc:2    | Found the +15 Maxwell's patent armour {-Cast -Tele rElec
                  | Will+ rCorr}
 20525 | Orc:1    | You fall into a shaft and drop 1 floor!
 21360 | D:15     | Reached XP level 16. HP: 127/127 MP: 24/24
 21614 | D:15     | Noticed Azrael
 21628 | D:15     | Killed Azrael
 22075 | D:15     | Received a gift from Okawaru
 22126 | D:15     | Found a staircase to the Depths.
 22189 | D:15     | Noticed Josephine
 22193 | D:15     | Killed Josephine
 22545 | D:1      | Bought a manual of Fighting for 880 gold pieces
 22670 | D:4      | Killed siradein's ghost
 23095 | Snake:1  | Entered Level 1 of the Snake Pit
 23473 | Snake:1  | Identified the +6 battleaxe of the Screaming Gods
                  | {antimagic, Drain Str+5} (Okawaru gifted it to you on level
                  | 1 of the Snake Pit)
 23473 | Snake:1  | Received a gift from Okawaru
 24065 | Snake:2  | Found a runed translucent gate.
 24067 | Snake:2  | Found a runed translucent gate.
 24068 | Snake:2  | Found a runed translucent gate.
 24090 | Snake:2  | Identified the +1 ring mail of Salvation {rN+ Regen+ MP+9}
 24197 | Snake:2  | Noticed Aizul
 24209 | Snake:2  | Killed Aizul
 25143 | Snake:3  | Received a gift from Okawaru
 25435 | Snake:3  | Reached skill level 5 in Dodging
 25438 | Snake:3  | Received a gift from Okawaru
 25565 | Snake:3  | Reached XP level 17. HP: 132/137 MP: 26/26
 25644 | Snake:3  | Reached skill level 15 in Shields
 26493 | Snake:4  | Entered Level 4 of the Snake Pit
 26789 | Snake:4  | Slain by a salamander

Illustrated notes

Levels and vault maps discovered:
D:1:      sevenhm_arrival_forest_fort_small_3, layout_loops_ring,
          dreamdust_ecumenical_altar_hidden_monk_grotto, serial_shops,
          shop_fountains
D:2:      layout_loops_corners
D:3:      layout_loops_ring, serial_glass, glass_columns_b, glass_columns_a
D:4:      layout_rooms, gammafunk_ghost_split, kennysheep_generic_room_11
D:5:      layout_basic, nicolae_uskayaw_dance_hall, serial_shops, shop_statue,
          corexii_checkpoint_a, uniq_duvessa, uniq_pikel, uniq_eustachio
D:6:      layout_rooms, hangedman_ru_absence, okawaru_ov_weapons_minmay,
          cheibriados_altar_1, kennysheep_generic_room_6
D:7:      layout_gridville, mainiacjoe_overflow_chevrons,
          minmay_temple_entry_statues_fountains
D:8:      layout_rooms, nicolae_overflow_two_pavilions, uniq_gastronok,
          uniq_grum
D:9:      layout_irregular_city, good_gods_mini_temple, nemelex_altar_shiori,
          serial_column_ruins, column_ruins_open_medium,
          column_ruins_columns_straight, column_ruins_grid_3,
          column_ruins_corridor_straight, column_ruins_columns_straight,
          hangedman_abyss_or_decor_lesser_grid, grunt_ministairs_9,
          wad_floor_pattern_1, uniq_maggie
D:10:     layout_irregular_city, mainiacjoe_overflow_six_doors_small,
          due_lair_maze_entry_diamond, minmay_orc_entry_temple_small,
          nicolae_specific_store, due_unseen_surprise
D:11:     layout_stronghold, serial_shops, shop, nicolae_trove_entry_columns,
          chequers_guarded_unrand_ignorance
D:12:     wad_woods_minihive, layout_irregular_city, minmay_misc_feat_cross,
          minmay_stone_trees_small
D:13:     layout_rooms, ebering_ghost_xom, nicolae_hepliaklqana_hazy_memory
D:14:     minmay_the_grid_octo_triangle [minmay_the_grid_octo_toaster,
          minmay_the_grid_octo_prize_ultimate_mussel_roller,
          minmay_the_grid_octo_chip], layout_loops_corners, erik_vaults_2,
          chequers_serial_rivers_micro_a
D:15:     gammafunk_enter_depths_forms, layout_loops_cross, special_room
          [special_room_orc], minmay_misc_feat_pillars, uniq_josephine,
          uniq_azrael
Lair:1:   layout_chaotic_city, chequers_serial_rivers_micro_d,
          nicolae_lair_run_with_the_wolves, lemuel_fruit_tree,
          grunt_megastairs_2, lemuel_fruit_fields
Lair:2:   layout_roguey
Lair:3:   nzn_winding_woodlands_medium [nzn_winding_woodlands_5x5_checkerboard,
          nzn_winding_woodlands_5x15_split_checker,
          nzn_winding_woodlands_5x5_default, nzn_winding_woodlands_hourglass,
          nzn_winding_woodlands_center_garden,
          nzn_winding_woodlands_5x5_open_star,
          nzn_winding_woodlands_5x5_perimeter,
          nzn_winding_woodlands_5x15_parted, nzn_winding_woodlands_5x5_cross],
          layout_misc_corridors, elwin_shoals_entry_rocks, dummy_snake_entry,
          st_stairs_8, infiniplex_staircase_pool
Lair:4:   layout_cave_pods, nicolae_slime_entry_slimehenge, nzn_random_ring,
          infiniplex_staircase_pool_2, lemuel_fruit_fields
Lair:5:   hangedman_lair_tendril_chambers, layout_hall_layers,
          hangedman_lair_caniforms_friends, bh_autumn_forest_stairs,
          nicolae_quartered_pool_little
Snake:1:  layout_basic, grunt_megastairs_1
Snake:2:  layout_chambers, nicolae_snake_horde_hoard, uniq_aizul
Snake:3:  layout_chambers
Snake:4:  johnstein_snake_rune_scales, layout_cave_town, grunt_ministairs_15,
          nicolae_snake_omega, uniq_louise
Orc:1:    lemuel_ogre_cave, layout_diamond_mine, nicolae_shop_clearance
Orc:2:    st_orc_rangers, layout_diamond_mine, mines1_david

Skill      XL: |  1  2  3  4  5  6  7  8  9 10 11 12 13 14 15 16 17 |
---------------+----------------------------------------------------+-----
Armour         | 3 4 5 6 7 8 9 10 11 | 11.2
Axes           | 2 3 5 7 9 10 11 12 14 15 16 | 16.6
Shields        | 3 4 5 7 8 9 11 12 13 14 15 | 15.2
Dodging        | 1 2 3 4 5 |  5.1
Fighting       | 4 5 6 7 8 9 10 11 12 13 | 13.9
Invocations    | 1 2 3 5 8 11 13 | 13.7
Throwing       | 1 2 |  2.3
Stealth        | 1 |  1.8

Action                   |  1- 3 |  4- 6 |  7- 9 | 10-12 | 13-15 | 16-18 || total
-------------------------+-------+-------+-------+-------+-------+-------++-------
Melee: War axe           |   120 |   147 |   242 |   490 |  1070 |   465 ||  2534
       Kick              |       |    31 |       |   149 |   419 |   171 ||   770
Throw: Dart              |       |     3 |     2 |    29 |     4 |       ||    38
Invok: Heroism           |     1 |       |     5 |    12 |    21 |     9 ||    48
       Finesse           |       |       |     1 |     3 |     8 |     4 ||    16
Evoke: Wand              |       |       |       |       |     1 |       ||     1
  Use: Scroll            |       |     8 |     2 |     8 |     6 |     1 ||    25
       Potion            |       |     7 |     3 |       |     6 |     3 ||    19
 Stab: Confused          |       |       |       |     1 |       |       ||     1
Armor: Scale mail        |    36 |       |       |       |       |       ||    36
       Plate armour      |    53 |   113 |   232 |   271 |   565 |   209 ||  1443
Dodge: Dodged            |    52 |    18 |    82 |   164 |   356 |   132 ||   804
Block: Buckler           |    24 |    22 |       |       |       |       ||    46
       Tower shield      |       |    42 |   252 |   522 |  1098 |   584 ||  2498
       Reflection        |       |       |       |       |       |    21 ||    21

Table legend: (Time is in decaauts)
 A = Elapsed time spent in this place.
 B = Non-inter-level travel time spent in this place.
 C = Inter-level travel time spent in this place.
 D = Time resting spent in this place.
 E = Time spent auto-exploring this place.
 F = Levels seen in this place.
 G = Mean time per level.
                   A        B        C        D        E       F      G
               +--------+--------+--------+--------+--------+-----+--------+
         Total |  26947 |  24432 |   2515 |    519 |  14011 |  26 | 1036.4 |
       Dungeon |  15523 |  13773 |   1750 |    336 |   7794 |  15 | 1034.9 |
          Lair |   5643 |   5334 |    309 |     68 |   3092 |   5 | 1128.6 |
     Snake Pit |   3647 |   3531 |    116 |      0 |   2490 |   4 |  911.8 |
  Orcish Mines |   2133 |   1793 |    340 |    115 |    635 |   2 | 1066.5 |
               +--------+--------+--------+--------+--------+-----+--------+

Top non-repeatable levels by time:
    D:14: 2013 daAuts
  Lair:5: 1794 daAuts
 Snake:3: 1378 daAuts
 Snake:2: 1353 daAuts
    D:11: 1346 daAuts
    D:10: 1282 daAuts
    D:12: 1249 daAuts
     D:1: 1219 daAuts
   Orc:1: 1208 daAuts
     D:3: 1128 daAuts
  Lair:4: 1115 daAuts
  Lair:3: 1097 daAuts
     D:5: 1078 daAuts
     D:9: 988 daAuts
    D:15: 927 daAuts
